 Dungeon Crawl Stone Soup version 0.31-a0-691-g409c26aa35 (webtiles) character file.

Game seed: 7230136353411373064

434 qw the Shooter (level 7, -2/43 HPs)
             Began as a Gargoyle Hunter on Sept 6, 2023.
             Slain by Blork the orc
             ... wielding a +0 dire flail
              (3 damage)
             ... on level 5 of the Dungeon.
             The game lasted 00:01:22 (2969 turns).

qw the Shooter (Gargoyle Hunter)                    Turns: 2969, Time: 00:01:22

Health: -2/43      AC: 10    Str: 14    XL:     7   Next: 0%
Magic:  7/7        EV: 10    Int: 10    God:
Gold:   188        SH:  0    Dex: 15    Spells: 6/6 levels left

rFire   . . .        Y - +0 shortbow (freeze)
rCold   + . .        (shield currently unavailable)
rNeg    + . .        e - +0 ring mail
rPois   inf          (no helmet)
rElec   +            (no cloak)
rCorr   .            (no gloves)
SInv    .            (no boots)
Will    .....        (no amulet)
Stlth   +            c - ring of protection from cold
HPRegen 0.27/turn    (no ring)
MPRegen 0.10/turn

%: no passive effects
@: no status effects
A: sickness immunity, AC +4, negative energy resistance 1, electricity
resistance, torment resistance 1, petrification resistance
a: no special abilities


You were on level 5 of the Dungeon.
You visited 1 branch of the dungeon, and saw 5 of its levels.

You collected 188 gold pieces.


Innate Abilities, Weirdness & Mutations

You are immune to sickness and miasma.
Your stone body is resilient. (AC +4)
You are immune to poison.
You resist negative energy. (rN+)
You are resistant to electric shocks. (rElec)
You are resistant to unholy torment.
You are immune to petrification.


   Skills:
 - Level 4.0 Fighting
 + Level 7.3 Ranged Weapons
 - Level 1.2 Armour
 - Level 1.5 Dodging
 - Level 1.1 Stealth


You had 6 spell levels left.
You didn't know any spells.
Your spell library was empty.

Inventory:

Hand Weapons
 Y - a +0 shortbow of freezing (weapon)
Armour
 e - a +0 ring mail (worn)
Jewellery
 c - a ring of protection from cold (left hand)
Wands
 f - a wand of digging (7)
Scrolls
 k - a scroll of identify
 m - 2 scrolls of summoning {unknown}
Potions
 a - a potion of brilliance {unknown}
 b - a potion of enlightenment {unknown}
 d - a potion of mutation {unknown}
 g - a potion of curing {unknown}
 h - a potion of ambrosia {unknown}
 i - a potion of heal wounds {unknown}
 j - a potion of berserk rage {unknown}
 l - a potion of degeneration {unknown}

Dungeon Overview and Level Annotations

Branches:
Dungeon (5/15)
 Temple: D:4-7

Altars:

Shops:
D:1 =

Portals:
Abyss: D:3

Annotations:
D:3 2 transporters, qw's ghost, amateur GrHu
D:5 Blork the orc


Message History

Blork the orc comes into view.
He is wielding a +0 dire flail.
You shoot an arrow. The arrow barely misses Blork the orc.
Blork the orc shouts!
You shoot an arrow. The arrow barely misses Blork the orc.
Blork the orc looks satisfied for a moment.
You shoot an arrow. The arrow hits the ufetubus.
The ufetubus is heavily wounded.
The ufetubus hits you.
The ufetubus hits you but does no damage.
You shoot an arrow. The arrow misses the ufetubus.
The arrow hits Blork the orc!
The arrow freezes Blork the orc.
Blork the orc is moderately wounded.
The ufetubus hits you. The ufetubus barely misses you.
You shoot an arrow. The arrow hits the ufetubus.
The ufetubus is heavily wounded.
The ufetubus barely misses you. x2; The ufetubus closely misses you.
The ufetubus hits you but does no damage.
Blork the orc hits you with a +0 dire flail.
You shoot an arrow. The arrow hits the ufetubus.
You kill the ufetubus!
Blork the orc casts a spell at you. The magic dart hits you!
You have reached level 7!
You shoot an arrow. The arrow hits Blork the orc.
The arrow freezes Blork the orc.
Blork the orc is moderately wounded.
Blork the orc casts a spell.
Blork the orc seems to speed up.
You shoot an arrow. The arrow closely misses Blork the orc.
Blork the orc hits you with a +0 dire flail. x2
You shoot an arrow.
The arrow completely misses Blork the orc.
Blork the orc hits you but does no damage.
You shoot an arrow. The arrow hits Blork the orc!
The arrow freezes Blork the orc.
Blork the orc is severely wounded.
Blork the orc hits you with a +0 dire flail! x2
You shoot an arrow. The arrow barely misses Blork the orc.
Blork the orc hits you with a +0 dire flail.
You die...

......
#.<..
#<... #...
#... #..#
###o.# #
#...@#
#.##.##.#
...##.#
#%#..#
#...##
#..## #.##
##.#######
#.<......[


You could see Blork the orc (fast).

Vanquished Creatures
  3 scorpions (D:4)
  A hound (D:4)
  A sleepcap (D:4)
  An iguana (D:4)
  4 gnolls (D:3)
  6 adders
  An ufetubus (D:5)
  A worm (D:3)
  2 dart slugs
  An orc (D:4)
  7 bats
  8 endoplasms
  2 giant cockroaches
  4 goblins
  9 hobgoblins
  4 jackals (D:1)
  7 quokkas
  3 ball pythons
  6 frilled lizards
  3 kobolds
  2 rats
76 creatures vanquished.

Notes
Turn   | Place    | Note
-------+----------+-------------------------------------------
     0 | D:1      | qw the Gargoyle Hunter began the quest for the Orb.
     0 | D:1      | Reached XP level 1. HP: 12/12 MP: 1/1
     0 | D:1      | 0 ||| qw: Version: 0.3-a-76-g4403597
     0 | D:1      | 0 ||| qw: Game counter: 9
     0 | D:1      | 0 ||| qw: Melee chars always use a shield: true
     0 | D:1      | 0 ||| qw: God list: Okawaru
     0 | D:1      | 0 ||| qw: Allow faded altars: false
     0 | D:1      | 0 ||| qw: Do Orc after clearing Dungeon:15 true
     0 | D:1      | 0 ||| qw: Do second Lair branch before Depths: true
     0 | D:1      | 0 ||| qw: Lair rune preference: random
     0 | D:1      | 0 ||| qw: Goals: Normal
     0 | D:1      | 0 ||| PLANNING D:1-11
    68 | D:1      | Reached XP level 2. HP: 16/17 MP: 2/2
   173 | D:1      | Found Oxojeuh's Jewellery Emporium.
   189 | D:1      | 189 ||| SHOPLISTING +4 ring of protection (360 gold, have
                  | 11).
   189 | D:1      | 189 ||| SHOPLISTING +6 ring of dexterity (360 gold, have
                  | 11).
   189 | D:1      | 189 ||| SHOPLISTING +6 ring of strength (360 gold, have
                  | 11).
   244 | D:1      | Reached XP level 3. HP: 21/21 MP: 3/3
   355 | D:1      | Reached skill level 5 in Ranged Weapons
   447 | D:1      | 447 ||| READING scroll labelled DEZEOKKOOPP.
   448 | D:1      | 448 ||| READING scroll labelled IWUIKHL GA CUTI.
   449 | D:1      | 449 ||| DROPPING scroll of butterflies.
   917 | D:2      | Reached skill level 3 in Fighting
   927 | D:2      | Reached XP level 4. HP: 28/28 MP: 4/4
  1396 | D:2      | 1396 ||| UPGRADING to +0 ring mail.
  1406 | D:2      | 1406 ||| DROPPING +0 leather armour.
  1407 | D:2      | 1407 ||| DROPPING ring of magical power.
  1408 | D:2      | 1408 ||| DROPPING ring of flight.
  1409 | D:2      | 1409 ||| READING scroll labelled OJODAH YTSAVAM.
  1410 | D:2      | 1410 ||| READING scroll labelled YQARHI HUD VEIN.
  1411 | D:2      | 1411 ||| READING scroll labelled MIUSOH MIMP.
  1412 | D:2      | 1412 ||| DRINKING 2 bubbling inky potions.
  1413 | D:2      | 1413 ||| DROPPING potion of attraction.
  1580 | D:3      | Found a transporter.
  1588 | D:3      | Found a one-way gate to the infinite horrors of the Abyss.
  1588 | D:3      | Noticed qw's ghost (amateur GrHu)
  1588 | D:3      | Noticed a small abomination
  1695 | D:3      | 1695 ||| RETREATING.
  1701 | D:3      | 1701 ||| Stepping ~*~*~tactically~*~*~ (outnumbered).
  1703 | D:3      | 1703 ||| Stepping ~*~*~tactically~*~*~ (outnumbered).
  1706 | D:3      | Reached skill level 1 in Armour
  1716 | D:3      | Reached XP level 5. HP: 31/32 MP: 5/5
  1973 | D:3      | Found a transporter.
  2105 | D:3      | 2105 ||| READING scroll labelled FOXZEVAO EHAFUT.
  2106 | D:3      | 2106 ||| READING 2 scrolls labelled BEQOKHL NU NAI.
  2107 | D:3      | 2107 ||| DRINKING 3 fizzy ruby potions.
  2137 | D:3      | 2137 ||| DROPPING 2 potions of lignification.
  2138 | D:3      | 2138 ||| DROPPING scroll of blinking.
  2188 | D:4      | Reached skill level 6 in Ranged Weapons
  2192 | D:4      | 2192 ||| STAIRDANCE
  2373 | D:4      | Reached XP level 6. HP: 37/38 MP: 6/6
  2488 | D:4      | 2488 ||| UPGRADING to ring of protection from cold.
  2620 | D:4      | Reached skill level 7 in Ranged Weapons
  2944 | D:5      | Entered Level 5 of the Dungeon
  2958 | D:5      | Noticed Blork the orc
  2965 | D:5      | Reached XP level 7. HP: 27/43 MP: 7/7
  2968 | D:5      | HP: 10/43 [Blork the orc/+0 dire flail (10)]
  2968 | D:5      | HP: 1/43 [Blork the orc/+0 dire flail (9)]
  2969 | D:5      | Slain by Blork the orc

Levels and vault maps discovered:
D:1:      noname_arrival_rooms_in_the_neighbourhood, layout_rooms, serial_shops,
          shop
D:2:      layout_basic, minmay_tetromino_t2
D:3:      layout_loops_ring, gammafunk_ghost_abyssal_escape
D:4:      layout_loops_ring, item_on_display_a
D:5:      layout_rooms, uniq_blork_the_orc

Skill      XL: |  1  2  3  4  5  6 |
---------------+-------------------+-----
Ranged Weapons | 5 6 7 |  7.3
Fighting       | 3 4 |  4.0
Armour         | 1 |  1.2
Dodging        | |  1.5
Stealth        | |  1.1

Action                     |  1- 3 |  4- 6 |  7- 9 || total
---------------------------+-------+-------+-------++-------
   Fire: Shortbow          |   113 |   141 |     5 ||   259
    Use: Scroll            |     2 |     5 |       ||     7
         Potion            |       |     2 |       ||     2
 Armour: Leather armour    |    29 |     4 |       ||    33
         Ring mail         |       |    38 |     6 ||    44
  Dodge: Dodged            |    32 |    47 |       ||    79

Table legend:
 A = Non-vault XP
 B = Vault XP
 C = Vault XP percentage of total XP
 D = Non-vault monster count
 E = Vault monster count
 F = Vault count percentage of total count
                 A         B        C        D         E       F
            +---------+---------+-------+---------+---------+-------
      Total |     606 |      15 |   2.4 |      74 |       2 |   2.6
            +---------+---------+-------+---------+---------+-------
        D:1 |      46 |       0 |   0.0 |      25 |       0 |   0.0
        D:2 |      57 |      15 |  20.8 |      18 |       2 |  10.0
        D:3 |      74 |       0 |   0.0 |      13 |       0 |   0.0
        D:4 |     408 |       0 |   0.0 |      16 |       0 |   0.0
        D:5 |      21 |       0 |   0.0 |       2 |       0 |   0.0
            +---------+---------+-------+---------+---------+-------
